Map: Inside and Out

Players

soO - Winner!

  • Race: Zerg Zerg
  • Spawn Location: 1:00

Galeforce

  • Race: Protoss Protoss
  • League: Master
  • Spawn Location: 7:00

Event: DreamHack SC2 Masters 2022 Atlanta (Offline)

VOD

Have the link to the VOD?

Description

Time

  • Played on: Nov. 18, 2022, 10:24 a.m.
  • Length: 6:53

All games in this series

Show
View Real Time Build Order
Export as new Build Order

soO Zerg - Winner!

Build Orders: Hatch First 

Get SALT Encoding   

  12  0:00  Drone  
  13  0:12  Overlord  
  13  0:17  Drone  
  14  0:30  Drone  
  14  0:31  Drone  
  16  0:47  Hatchery  
  15  0:51  Drone  
  15  0:55  Drone  
  17  0:58  Drone  
  18  1:09  Extractor  
  17  1:13  Spawning Pool  
  17  1:15  Drone  
  17  1:19  Drone  
  18  1:28  Drone  
  19  1:39  Drone  
  20  1:50  Drone  
  21  1:59  Queen x2  
  21  2:00  Zergling x4  
  27  2:11  Drone, Overlord  
  28  2:21  Hatchery  
  27  2:25  Drone  
  27  2:29  Metabolic Boost  
  28  2:32  Drone  
  28  2:35  Drone  
  30  2:42  Queen  
  32  2:46  Overlord  
  32  2:52  Drone x2  
  34  3:00  Drone x2  
  36  3:08  Overlord  
  36  3:13  Overlord  
  36  3:19  Drone  
  36  3:20  Overlord  
  36  3:23  Drone  
  36  3:26  Queen  
  38  3:27  Drone x2  
  38  3:30  Drone  
  38  3:31  Queen  
  38  3:33  Drone  
  44  3:36  Drone  
  44  3:41  Queen  
  45  3:43  Drone x2  
  49  3:51  Drone  
  49  3:54  Zergling x10  
  55  3:58  Drone  
  55  4:01  Overlord  
  55  4:02  Drone x2  
  58  4:13  Drone x2  
  58  4:15  Drone  
  61  4:17  Spore Crawler  
  61  4:19  Roach Warren  
  61  4:21  Drone  
  61  4:23  Drone  
  61  4:24  Spore Crawler  
  61  4:25  Drone  
  61  4:29  Zergling x8  
  65  4:35  Zergling x10  
  65  4:38  Spore Crawler  
  68  4:46  Overlord  
  68  4:51  Overlord  
  68  4:52  Overlord  
  68  4:59  Drone x3  
  71  5:00  Overlord  
  71  5:02  Extractor  
  71  5:06  Roach x4  
  77  5:14  Lair, Drone  
  77  5:16  Drone x3  
  81  5:28  Drone x3  
  84  5:29  Overlord  
  84  5:31  Drone  
  84  5:32  Drone x2  
  87  5:40  Overlord  
  87  5:44  Drone  
  87  5:46  Drone x2  
  87  5:47  Extractor x2  
  87  5:49  Roach x7  
  100  5:57  Roach  
  100  5:58  Zergling x4, Roach  
  102  6:10  Zergling x6, Ravager  
  106  6:14  Overlord  
  106  6:15  Zergling x16  
  106  6:17  Ravager  
  115  6:19  Overlord  
  115  6:21  Overlord  
  115  6:25  Ravager  
  116  6:26  Overlord  
  116  6:35  Zergling x2  
Show
View Real Time Build Order
Export as new Build Order

Galeforce Protoss 

Build Orders: 1 Gate Expand 

Get SALT Encoding   

  12  0:00  Probe  
  13  0:12  Probe  
  14  0:18  Pylon  
  14  0:24  Probe  
  15  0:36  Probe (Chrono Boost)  
  15  0:38  Gateway  
  16  0:44  Assimilator  
  16  0:49  Probe (Chrono Boost)  
  17  0:53  Probe (Chrono Boost)  
  18  1:04  Probe  
  19  1:17  Probe  
  20  1:28  Nexus  
  20  1:29  Probe  
  21  1:39  Cybernetics Core  
  21  1:41  Probe  
  22  1:47  Assimilator  
  22  1:54  Pylon  
  22  1:56  Probe  
  23  2:12  Probe, Stalker (Chrono Boost)  
  26  2:16  Warp Gate  
  26  2:24  Robotics Facility, Probe  
  27  2:36  Stalker  
  29  2:37  Probe (Chrono Boost)  
  29  2:41  Probe (Chrono Boost)  
  30  2:50  Probe (Chrono Boost)  
  30  2:51  Probe (Chrono Boost)  
  32  2:54  Probe (Chrono Boost)  
  33  3:01  Gateway, Probe  
  33  3:04  Probe  
  35  3:11  Sentry  
  37  3:13  Probe  
  37  3:16  Probe  
  36  3:23  Warp Prism (Chrono Boost)  
  36  3:25  Probe  
  39  3:33  Probe  
  40  3:37  Probe  
  41  3:45  Probe  
  41  3:47  Pylon  
  42  3:50  Probe  
  43  4:02  Immortal (Chrono Boost)  
  43  4:05  Stalker x2  
  43  4:07  Probe  
  43  4:08  Probe  
  53  4:16  Pylon  
  53  4:17  Pylon  
  53  4:18  Pylon  
  53  4:19  Probe  
  54  4:27  Shield Battery  
  54  4:34  Stalker  
  54  4:36  Immortal (Chrono Boost)  
  60  4:44  Sentry  
  62  4:52  Probe x2  
  64  4:59  Sentry  
  66  5:02  Gateway  
  66  5:03  Gateway x2  
  66  5:06  Gateway  
  66  5:09  Immortal (Chrono Boost)  
  70  5:23  Stalker x2  
  74  5:30  Gateway x2  
  74  5:51  Stalker x2  
  72  6:06  Zealot x2  
  72  6:07  Zealot  
  78  6:24  Pylon  
  78  6:26  Pylon  
  78  6:28  Pylon  
  78  6:29  Pylon  
  78  6:36  Zealot x2  
  68  6:44  Zealot  
  68  6:45  Zealot x3  
Tags
 
Add a new tag
Caveats
  • Supply blocks, unpowered buildings, or Contaminate may cause inaccurate times.
  • Supply counts are checked every 10 seconds.